 Dungeon Crawl Stone Soup version 0.31.0-4-g52a2dc7128 (webtiles) character file.

Game seed: 671749377733428297

974 Ykky the Covert (level 8, -5/39 HPs)
             Began as a Vine Stalker Enchanter on Jan 21, 2024.
             Slain by a yak (12 damage)
             ... on level 5 of the Dungeon.
             The game lasted 00:11:47 (4323 turns).

Ykky the Covert (Vine Stalker Enchanter)            Turns: 4323, Time: 00:11:48

Health: -5/39      AC:  5    Str: 12    XL:     8   Next: 16%
Magic:  0/13       EV: 13    Int: 15    God:
Gold:   193        SH:  0    Dex: 16    Spells: 2/13 levels left

rFire   . . .        p - +5 dagger "Ovab" {flame, rElec}
rCold   . . .        (no shield)
rNeg    . . .        b - +0 robe
rPois   .            j - +2 hat
rElec   +            (no cloak)
rCorr   .            (no gloves)
SInv    .            i - +0 pair of boots
Will    +....        (no amulet)
Stlth   ++++         (no ring)
HPRegen 1.06/turn    (no ring)
MPRegen 0.13/turn

%: guardian spirit
@: no status effects
A: fangs 3, regeneration 1, magic shield, antimagic bite, no potion heal 2
a: no special abilities


You were on level 5 of the Dungeon.
You visited 1 branch of the dungeon, and saw 6 of its levels.

You collected 193 gold pieces.

Inventory:

Hand Weapons
 p - the +5 dagger "Ovab" (weapon) {flame, rElec}
   (You found it on level 3 of the Dungeon)

   rElec:     It insulates you from electricity.
Missiles
 f - 4 poisoned darts (quivered)
 k - 6 boomerangs
Armour
 b - a +0 robe (worn)
 i - a +0 pair of boots (worn)
 j - a +2 hat (worn)
Wands
 q - a wand of digging (7)
 v - a wand of flame (6)
 w - a wand of polymorph (9)
Scrolls
 d - a scroll of noise {unknown}
 e - a scroll of enchant armour {unknown}
 g - a scroll of immolation {unknown}
 h - 3 scrolls of enchant weapon {unknown}
 m - a scroll of fog {unknown}
 r - a scroll of teleportation {unknown}
 u - a scroll of identify {unknown}
Potions
 a - 2 potions of brilliance {unknown}
 c - 2 potions of invisibility
 l - a potion of curing {unknown}
 n - a potion of heal wounds {unknown}
 o - a potion of cancellation {unknown}
 s - a potion of berserk rage {unknown}
 t - a potion of degeneration {unknown}
 x - a potion of lignification {unknown}
 z - a potion of mutation {unknown}
 A - 2 potions of enlightenment {unknown}


   Skills:
 + Level 2.2 Fighting
 * Level 4.2 Short Blades
 + Level 2.7 Dodging
 * Level 8.7 Stealth
 + Level 3.0 Spellcasting
 + Level 3.7 Hexes


You had 2 spell levels left.
You knew the following spells:

 Your Spells              Type           Power      Damage    Failure   Level
a - Dazzling Flash        Conj/Hex       14%        N/A       28%         3
b - Confusing Touch       Hex            13%        N/A       13%         3
c - Ensorcelled Hibernat  Hex/Ice        14%        N/A       14%         2
d - Tukima's Dance        Hex            13%        N/A       13%         3

Your spell library contained the following spells:

 Spells                   Type           Power      Damage    Failure   Level


Dungeon Overview and Level Annotations

Branches:
Dungeon (6/15)
 Temple: D:4-7

Altars:
Vehumet


Innate Abilities, Weirdness & Mutations

You have razor-sharp teeth.
Your natural rate of healing is unusually fast.
When hurt, damage is shared between your health and your magic reserves.
Your bite disrupts and absorbs the magic of your enemies.
Potions cannot restore your health.


Message History

Unknown command.
You closely miss the yak. Your bite misses the yak.
The yak is lightly wounded.
The yak gores you.
You hit the yak. You burn the yak.
The yak is moderately wounded.
The yak gores you.
You hit the yak. You burn the yak.
The yak is moderately wounded.
The yak gores you!
You hit the yak but do no damage. You bite the yak. You drain its power.
You feel invigorated.
The yak is moderately wounded.
The yak gores you!
You are too injured to fight recklessly!
You are too injured to fight recklessly!
You hit the yak. You burn the yak.
The yak is heavily wounded.
You hit the yak. You burn the yak. Your bite misses the yak.
The yak is heavily wounded.
The yak closely misses you.
You hit the yak. You burn the yak. You bite the yak, but do no damage.
The yak is heavily wounded.
The yak gores you! The yak attacks as it pursues you! The yak gores you!
* * * LOW HITPOINT WARNING * * *
The yak attacks as it pursues you! The yak barely misses you.
The yak attacks as it pursues you! The yak gores you!
* * * LOW HITPOINT WARNING * * *
The yak attacks as it pursues you! The yak misses you.
The yak attacks as it pursues you! The yak closely misses you.
The yak attacks as it pursues you! The yak barely misses you.
The yak attacks as it pursues you! The yak gores you.
* * * LOW HITPOINT WARNING * * *
Things that are here:
a +0 whip; a +0 flail The yak attacks as it pursues you!
The yak gores you!
* * * LOW HITPOINT WARNING * * *
The yak attacks as it pursues you! The yak gores you!
You die...

#...............##.......#
#...............##.......#
#...##..........##.......#
#...##..................####
######..###...........##.........
.........<....................##.
.......###...........##......†.##
.......# ##..........#####....##.
.......# #....Y@........#.......
.......######..#########.#.......
................# #.#.......
.......###.####.# ######.########
.......###...##.# #....#.........
.............##.###.##########.##
#######>.....##.)...###.##....###
##......##[[.#....##.().##.
#.......(......#.#..)#....


You could see a yak.

Vanquished Creatures
  2 yaks (D:5)
  A scorpion (D:4)
  A howler monkey (D:5)
  3 hounds
  A jelly (D:5)
  An orc priest (D:5)
  2 bombardier beetles
  A sleepcap (D:4)
  Terence (D:2)
  An iguana (D:4)
  3 orc wizards
  6 adders
  4 gnolls
  2 shadow imps (D:5)
  5 dart slugs
  4 ribbon worms
  17 orcs
  5 endoplasms
  4 giant cockroaches
  6 goblins
  2 hobgoblins
  9 jackals
  2 quokkas
  6 ball pythons
  3 bats (D:2)
  5 frilled lizards
  6 kobolds
  7 rats
110 creatures vanquished.

Notes
Turn   | Place    | Note
-------+----------+-------------------------------------------
     0 | D:1      | Ykky the Vine Stalker Enchanter began the quest for the
                  | Orb.
     0 | D:1      | Reached XP level 1. HP: 9/9 MP: 4/4
    41 | D:1      | Reached skill level 4 in Stealth
   111 | D:1      | Reached XP level 2. HP: 13/13 MP: 6/6
   740 | D:2      | Reached skill level 5 in Stealth
   889 | D:2      | Reached XP level 3. HP: 16/16 MP: 5/7
   969 | D:2      | Identified the +2 ring mail of Surprise {rElec rF- rN+
                  | Dex+2}
   976 | D:2      | Found a radiant altar of Vehumet.
  1169 | D:2      | Noticed Terence
  1180 | D:2      | Killed Terence
  1181 | D:2      | Reached skill level 6 in Stealth
  1310 | D:2      | Reached XP level 4. HP: 21/21 MP: 8/8
  1642 | D:3      | Reached skill level 1 in Short Blades
  1946 | D:3      | Reached XP level 5. HP: 18/24 MP: 7/9
  1988 | D:3      | Identified the +5 dagger "Ovab" {flame, rElec}
  2395 | D:4      | Reached skill level 7 in Stealth
  2719 | D:4      | Reached XP level 6. HP: 28/28 MP: 10/10
  3051 | D:4      | Reached skill level 1 in Fighting
  3114 | D:4      | Learned a level 3 spell: Dazzling Flash
  3118 | D:4      | Learned a level 3 spell: Confusing Touch
  3121 | D:4      | Learned a level 2 spell: Ensorcelled Hibernation
  3137 | D:5      | Entered Level 5 of the Dungeon
  3232 | D:5      | Reached XP level 7. HP: 13/33 MP: 7/11
  3289 | D:5      | Reached skill level 8 in Stealth
  3868 | D:5      | Learned a level 3 spell: Tukima's Dance
  4181 | D:6      | Noticed a yak
  4182 | D:6      | Noticed a yak
  4184 | D:6      | Noticed a yak
  4185 | D:6      | Noticed a yak
  4219 | D:5      | Killed a yak
  4266 | D:5      | Killed a yak
  4267 | D:5      | Gained mutation: You have razor-sharp teeth. [Vine Stalker
                  | growth]
  4267 | D:5      | Reached XP level 8. HP: 39/39 MP: 13/13
  4323 | D:5      | Slain by a yak

Illustrated notes

Levels and vault maps discovered:
D:1:      dpeg_arrival_oval, layout_basic, roderic_nine_men_s_morris
D:2:      layout_basic, basic_altar, uniq_terence
D:3:      layout_basic, nicolae_wormholes
D:4:      layout_gridville
D:5:      layout_rooms, serial_co_window_serial, co_window_cross_1,
          co_window_of_opportunity_a, co_window_corner_a, co_window_paths_a,
          co_window_corner_a, co_window_broadway_b, co_window_corner_ca,
          co_window_broadway_c, co_window_paths_c, glass_columns_a,
          glass_columns_b, glass_columns_a, glass_columns_a
D:6:      layout_layer_cave, fedhas_altar_2, temple_hall

Skill      XL: |  1  2  3  4  5  6  7 |
---------------+----------------------+-----
Stealth        | 4 5 6 7 8 |  8.7
Short Blades   | 1 2 3 4 |  4.2
Fighting       | 1 2 |  2.2
Dodging        | 2 |  2.7
Spellcasting   | 3 |  3.0
Hexes          | |  3.7

Action                     |  1- 3 |  4- 6 |  7- 9 || total
---------------------------+-------+-------+-------++-------
  Melee: Dagger            |    65 |   205 |   117 ||   387
         Bite              |    14 |    56 |    43 ||   113
         Punch             |       |       |     2 ||     2
   Stab: Sleeping          |    13 |    11 |       ||    24
         Distracted        |       |     1 |       ||     1
 Armour: Robe              |    20 |   121 |    81 ||   222
  Dodge: Dodged            |    25 |   107 |    67 ||   199
